 Dungeon Crawl Stone Soup version 0.22-a0-402-ga933591 (webtiles) character file.

604 Borgoz the Cutter (level 7, -8/44 HPs)
             Began as a Gargoyle Monk on May 6, 2018.
             Mangled by an ogre
             ... wielding a +0 giant club
              (15 damage)
             ... on level 4 of the Dungeon.
             The game lasted 00:06:44 (3833 turns).

Borgoz the Cutter (Gargoyle Monk)                   Turns: 3833, Time: 00:06:45

Health: -8/44      AC: 10    Str: 13 (15) XL:     7   Next: 42%
Magic:  7/7        EV: 13    Int: 15 (16) God:
Gold:   228        SH:  0    Dex: 12 (14) Spells: 6/6 levels left

rFire    . . .     SeeInvis .   a - +0 short sword
rCold    . . .     Gourm    .   (no shield)
rNeg     + + .     Faith    .   f - +2 leather armour {rN+}
rPois    ∞         Spirit   .   (no helmet)
rElec    +         Reflect  .   (no cloak)
rCorr    .         Harm     .   (no gloves)
MR       .....                  (no boots)
Stlth    +++.......             (no amulet)
HPRegen  0.14/turn              m - ring of stealth
MPRegen  0.10/turn              n - +6 ring of intelligence

@: about to teleport
A: negative energy resistance 1, electricity resistance, unbreathing,
petrification resistance, rot immunity, AC +4
a: no special abilities


You were on level 4 of the Dungeon.
You were not hungry.

You visited 1 branch of the dungeon, and saw 4 of its levels.

You collected 228 gold pieces.

Inventory:

Hand Weapons
 a - a +0 short sword (weapon)
Armour
 f - a +2 leather armour of positive energy (worn)
Jewellery
 m - a ring of stealth (left hand)
 n - a +6 ring of intelligence (right hand)
 o - an uncursed amulet of magic regeneration {unknown}
Scrolls
 d - a scroll of immolation
 e - a scroll of remove curse
 g - a scroll of enchant armour
 k - 2 scrolls of identify
Potions
 b - 2 potions of degeneration
 i - 2 potions of flight
Comestibles
 c - 6 rations


   Skills:
 + Level 4.7 Fighting
 * Level 5.0 Short Blades
 + Level 2.8 Armour
 + Level 3.5 Dodging
 + Level 4.3 Stealth


You had 6 spell levels left.
You didn't know any spells.

Dungeon Overview and Level Annotations

Branches:
Dungeon (4/15)
 Temple: D:4-7

Altars:
The Shining One


Innate Abilities, Weirdness & Mutations

You are resistant to torment.
Your stone body is resilient. (AC +4)
You are immune to poison.
You resist negative energy. (rN+)
You are resistant to electric shocks. (rElec)
You can survive without breathing.
You are immune to petrification.
You are immune to rotting.


Message History

Sorry, you're not good enough to have a special ability.
Unknown command.
You aren't carrying any items that you can evoke.
As you read the scroll labeled ZACLIAVIGI, it crumbles to dust.
The creatures around you are filled with an inner flame!
It was a scroll of immolation.
The ogre completely misses you.
As you read the scroll labeled ETIATHR NOEMU, it crumbles to dust.
You feel blessed for a moment.
It was a scroll of remove curse.
The ogre closely misses you.
Okay, then.
As you read the scroll labeled MIAROUTHEY, it crumbles to dust.
It is a scroll of enchant armour.
Your +1 leather armour of positive energy glows green for a moment.
As you read the scroll labeled OREITI LOLUTA, it crumbles to dust.
You feel aware of your surroundings.
You sensed 1 altar.
It was a scroll of magic mapping.
The ogre closely misses you.
As you read the scroll labeled JEF VU UTTARURAWK, it crumbles to dust.
You feel strangely unstable.
It was a scroll of teleportation.
The ogre hits you with a giant club!
You die...

***#....,** ###..## **..
***,,,....** ##.....## *#.
*,,,,,,...## ##.......## #.
*****,,,#..# ##.........#
#.
*,,,*#..###..........###.
**,***#...##..........(###
*,** ##...............# #
**,* ##...............###
**,** #..@.............##.
*,** ##oO####.........###.
**** #ol## #.........#...
*,** ##..# ##............
**,** #.o.# ###..........
**,**##..## *###........#
**,*#...#######...........#
*..#...o................##
*#.........o............##


You could see an ogre (inner flame), an orc priest, 2 orcs and a leopard gecko.

Vanquished Creatures
  Grinder (D:3)
  A phantom (D:3)
  A bullfrog (D:4)
  2 hounds
  A bullfrog skeleton (D:4)
  2 worker ants (D:4)
  Robin (D:3)
  4 adders
  An ooze (D:1)
  2 worms
  3 dart slugs
  A leopard gecko (D:1)
  2 orcs (D:3)
  A ball python (D:1)
  3 giant cockroaches
  11 goblins
  11 hobgoblins
  3 jackals (D:3)
  3 quokkas
  2 bats (D:1)
  5 frilled lizards
  5 kobolds
  6 rats (D:1)
72 creatures vanquished.

Notes
Turn   | Place    | Note
-------+----------+-------------------------------------------
     0 | D:1      | Borgoz the Gargoyle Monk began the quest for the Orb.
     0 | D:1      | Reached XP level 1. HP: 14/14 MP: 1/1
   145 | D:1      | Reached XP level 2. HP: 10/19 MP: 2/2
   315 | D:1      | Reached skill level 3 in Short Blades
   614 | D:1      | Reached XP level 3. HP: 20/23 MP: 3/3
  1019 | D:2      | Found a glowing golden altar of the Shining One.
  1372 | D:2      | Reached skill level 1 in Armour
  1372 | D:2      | Reached XP level 4. HP: 13/29 MP: 4/4
  1847 | D:3      | Noticed Robin
  1940 | D:3      | Killed Robin
  1958 | D:3      | Reached XP level 5. HP: 20/33 MP: 5/5
  2084 | D:3      | Noticed Grinder
  2128 | D:3      | Paralysed by Grinder for 2 turns
  2138 | D:3      | Paralysed by Grinder for 4 turns
  2147 | D:3      | Killed Grinder
  2147 | D:3      | Reached skill level 4 in Short Blades
  2147 | D:3      | Reached XP level 6. HP: 14/39 MP: 6/6
  2539 | D:3      | Noticed a phantom
  2582 | D:3      | Killed a phantom
  2961 | D:4      | Reached XP level 7. HP: 21/44 MP: 7/7
  3023 | D:4      | HP: 2/44 [worker ant (2)]
  3812 | D:4      | Reached skill level 5 in Short Blades
  3833 | D:4      | Mangled by an ogre

Vault maps used:
D:1:      roderic_crossed_star
D:2:      nicolae_tso_swordbearing_angel
D:3:      first_ration, uniq_grinder, uniq_robin
D:4:      nicolae_ru_path_of_blood

Skill      XL: |  1  2  3  4  5  6  7 |
---------------+----------------------+-----
Short Blades   | 3 4 5 |  5.0
Armour         | 1 2 |  2.8
Stealth        | 3 4 |  4.3
Fighting       | 4 |  4.7
Dodging        | 3 |  3.5

Action                   |  1- 3 |  4- 6 |  7- 9 || total
-------------------------+-------+-------+-------++-------
Melee: Short sword       |   148 |   243 |    69 ||   460
  Use: Potion            |     2 |     1 |     1 ||     4
       Scroll            |       |     2 |     5 ||     7
 Stab: Sleeping          |     5 |       |     1 ||     6
  Eat: Chunk             |       |     6 |     4 ||    10
Armor: Robe              |    17 |       |       ||    17
       Leather armour    |    39 |    84 |    12 ||   135
       Skin              |       |    22 |       ||    22
Dodge: Dodged            |    82 |   149 |    44 ||   275

Table legend:
 A = Spawn XP
 B = Non-spawn XP
 C = Spawn XP percentage of total XP
 D = Spawn monster count
 E = Non-spawn monster count
 F = Spawn count percentage of total count
 G = Total turns spent on level
                    A         B        C        D         E        F      G
               +---------+---------+-------+---------+---------+-------+---------
         Total |       0 |     864 |   0.0 |       0 |      72 |   0.0 |  3833
               +---------+---------+-------+---------+---------+-------+---------
           D:1 |       0 |      45 |   0.0 |       0 |      23 |   0.0 |   864
           D:2 |       0 |      87 |   0.0 |       0 |      12 |   0.0 |   924
           D:3 |       0 |     477 |   0.0 |       0 |      28 |   0.0 |  1131
           D:4 |       0 |     255 |   0.0 |       0 |       9 |   0.0 |   914
               +---------+---------+-------+---------+---------+-------+---------
